 Dungeon Crawl Stone Soup version 0.31-a0-774-g0d66cbabe8 (webtiles) character file.

Game seed: 5539667077081903393

151 pokeman the Magician (level 5, -1/29 HPs)
             Began as a Deep Elf Hedge Wizard on Sept 17, 2023.
             Succumbed to a scorpion's poison
             ... on level 4 of the Dungeon.
             The game lasted 00:05:32 (3831 turns).

pokeman the Magician (Deep Elf Hedge Wizard)        Turns: 3831, Time: 00:05:33

Health: -1/29      AC:  2    Str:  4 (7)  XL:     5   Next: 10%
Magic:  4/15       EV: 12    Int: 18 (21) God:
Gold:   168        SH:  0    Dex: 11 (14) Spells: 8/16 levels left

rFire   + . .        o - +1 hand axe (flame)
rCold   . . .        (no shield)
rNeg    . . .        b - +0 robe
rPois   .            c - +0 hat
rElec   .            (no cloak)
rCorr   .            (no gloves)
SInv    .            (no boots)
Will    .....        (no amulet)
Stlth   ++           m - ring of protection from fire
HPRegen 0.24/turn    (no ring)
MPRegen 0.14/turn

%: no passive effects
@: lethally poisoned (-1 -> -8), attractive
A: no striking features
a: no special abilities


You were on level 4 of the Dungeon.
You visited 1 branch of the dungeon, and saw 4 of its levels.

You collected 168 gold pieces.

Inventory:

Hand Weapons
 o - a +1 hand axe of flaming (weapon)
Armour
 b - a +0 robe (worn)
 c - a +0 hat (worn)
Jewellery
 m - a ring of protection from fire (left hand)
Wands
 l - a wand of charming (8)
Scrolls
 e - a scroll of noise {unknown}
 f - 2 scrolls of fog {unknown}
 g - a scroll of amnesia {unknown}
 i - a scroll of teleportation {unknown}
 k - a scroll of fear {unknown}
 n - a scroll of identify {unknown}
Potions
 d - a potion of magic
 h - a potion of attraction
 j - a potion of curing {unknown}


   Skills:
 - Level 1.0 Fighting
 - Level 1.0 Armour
 - Level 3.0 Dodging
 - Level 3.0 Stealth
 * Level 6.1 Spellcasting
 + Level 2.5 Conjurations
 - Level 1.1 Summonings
 - Level 1.1 Translocations
 + Level 0.0 Air Magic
 + Level 0.0 Poison Magic
 + Level 0.3 Evocations


You had 8 spell levels left.
You knew the following spells:

 Your Spells              Type           Power      Damage    Failure   Level
a - Magic Dart            Conj           56%        1d5       4%          1
b - Mephitic Cloud        Conj/Pois/Air  8%         N/A       26%         3
c - Call Imp              Summ           18%        N/A       12%         2
d - Blink                 Tloc           18%        N/A       12%         2

Your spell library contained the following spells:

 Spells                   Type           Power      Damage    Failure   Level
 Slow                     Hex            20%        N/A       12%         1
 Cigotuvi's Dreadful Rot  Necr/Pois/Air  10%        N/A       19%         2
 Animate Dead             Necr           5%         N/A       75%         4
 Borgnjor's Vile Clutch   Necr/Erth      2%         N/A       97%         5
 Death Channel            Necr           2%         N/A       100%        6


Dungeon Overview and Level Annotations

Branches:
Dungeon (4/15)
 Temple: D:4-7

Altars:
Dithmenos

Shops:
D:3 [   D:4 [


Message History

The sleepcap misses you.
Unknown command.
Unknown command.
You completely miss the sleepcap.
The sleepcap is almost destroyed.
The scorpion stings the sleepcap.
The sleepcap is destroyed!
Your Dodging skill increases to level 3!
Your Spellcasting skill increases to level 6!
You have reached level 5!
Unknown command.
You hit the scorpion but do no damage.
You catch the helpless scorpion completely off-guard!
You hit the scorpion. You burn the scorpion.
The scorpion is moderately wounded.
The scorpion closely misses you.
You catch the helpless scorpion completely off-guard!
You hit the scorpion but do no damage.
The scorpion is moderately wounded.
The scorpion stings you.
You catch the helpless scorpion completely off-guard!
You hit the scorpion. You burn the scorpion.
The scorpion is moderately wounded.
The scorpion misses you.
You barely miss the scorpion.
The scorpion is moderately wounded.
The scorpion stings you.
You are lethally poisoned!
The scorpion poisons you! The scorpion stings you.
* * * LOW HITPOINT WARNING * * *
* * * LOW HITPOINT WARNING * * *
You feel very sick.
It was a potion of degeneration.
There was something very wrong with that liquid.
You feel weakened.
You feel dopey.
You feel clumsy.
* * * LOW HITPOINT WARNING * * *
You feel very sick.
It was a potion of attraction.
You feel attractive to monsters.
You die...

###############
....<.........#
.############.#
.## #.# ..#
#.############
..#
#...@...s....#
..#
############.#
#.# #.# #.# #f#
### #.# #s# #.#
#.# #.#


You could see a scorpion (confused).

Vanquished Creatures
  An orc priest (D:4)
  A sleepcap (D:4)
  4 adders
  A worm (D:2)
  A dart slug (D:2)
  5 orcs
  4 ball pythons
  2 bats (D:1)
  6 endoplasms
  5 giant cockroaches
  5 hobgoblins
  A quokka (D:3)
  2 frilled lizards
  2 goblins
  5 kobolds
  6 rats
51 creatures vanquished.

Notes
Turn   | Place    | Note
-------+----------+-------------------------------------------
     0 | D:1      | pokeman the Deep Elf Hedge Wizard began the quest for the
                  | Orb.
     0 | D:1      | Reached XP level 1. HP: 10/10 MP: 7/7
   772 | D:1      | Reached XP level 2. HP: 15/15 MP: 7/9
  1541 | D:2      | Reached skill level 5 in Spellcasting
  1744 | D:2      | Reached XP level 3. HP: 20/20 MP: 9/11
  1749 | D:2      | Learned a level 3 spell: Mephitic Cloud
  1752 | D:2      | Learned a level 2 spell: Call Imp
  1755 | D:2      | Learned a level 2 spell: Blink
  1921 | D:2      | Found a shadowy altar of Dithmenos.
  2279 | D:3      | Reached skill level 1 in Armour
  2374 | D:3      | Reached skill level 1 in Fighting
  2687 | D:3      | Reached XP level 4. HP: 17/25 MP: 5/13
  3068 | D:3      | Found Dyiwk's Armour Shoppe.
  3495 | D:4      | Found Paluzups's Antique Armour Shop.
  3784 | D:4      | Noticed a scorpion
  3823 | D:4      | Reached skill level 6 in Spellcasting
  3823 | D:4      | Reached XP level 5. HP: 13/29 MP: 2/15
  3830 | D:4      | HP: 1/29 [poisoned by a scorpion]
  3831 | D:4      | Succumbed to a scorpion's poison

Illustrated notes

Levels and vault maps discovered:
D:1:      lemuel_arrival_broad_hall, layout_basic,
          chequers_serial_rivers_room_a, minmay_misc_feat_rugged
D:2:      layout_rooms, basic_altar
D:3:      layout_basic, serial_shops, nicolae_shop_crystal,
          hangedman_decor_peaks_small, minmay_misc_feat_hallway
D:4:      cheibrodos_pilgrimage, layout_loops_ring, minmay_overflow_temple_hex,
          old_standard_altar, minmay_temple_entry_slanted,
          gammafunk_ghost_necromancy, serial_shops, shop,
          kennysheep_decorative_pillar

Skill      XL: |  1  2  3  4 |
---------------+-------------+-----
Spellcasting   | 5 6 |  6.1
Armour         | 1 |  1.0
Fighting       | 1 |  1.0
Conjurations   | 2 |  2.5
Stealth        | 3 |  3.0
Dodging        | 3 |  3.0
Summonings     | |  1.1
Translocations | |  1.1
Evocations     | |  0.3

Action                     |  1- 3 |  4- 6 || total
---------------------------+-------+-------++-------
  Melee: Dagger            |     8 |       ||     8
         Hand axe          |       |    26 ||    26
   Cast: Magic Dart        |   108 |    35 ||   143
         Mephitic Cloud    |       |     3 ||     3
         Call Imp          |       |     2 ||     2
         Blink             |       |     1 ||     1
    Use: Potion            |       |     2 ||     2
   Stab: Confused          |       |     3 ||     3
 Armour: Robe              |    12 |    18 ||    30
  Dodge: Dodged            |    12 |    18 ||    30

Table legend: (Time is in decaauts)
 A = Elapsed time spent in this place.
 B = Non-inter-level travel time spent in this place.
 C = Inter-level travel time spent in this place.
 D = Time resting spent in this place.
 E = Time spent auto-exploring this place.
 F = Levels seen in this place.
 G = Mean time per level.
                   A        B        C        D        E       F      G
               +--------+--------+--------+--------+--------+-----+--------+
         Total |   3838 |   3738 |    100 |     78 |   3298 |   4 |  959.5 |
       Dungeon |   3838 |   3738 |    100 |     78 |   3298 |   4 |  959.5 |
               +--------+--------+--------+--------+--------+-----+--------+

Top non-repeatable levels by time:
     D:1: 1486 daAuts
     D:3: 1225 daAuts
     D:2: 784 daAuts
     D:4: 341 daAuts
